Match 47107973
Unlisted

Match 47107973
End
Construct Infanterie Kompanie
Selects Mechanized Battlegroup
Grenadier Squad
MG 42 Machine Gun Team
Grenadier Squad
Construct Panzergrenadier Kompanie
Panzergrenadier Squad
251 Medium Carrier
Pak 40 Anti-tank Gun Team
Medical Station
Panzergrenadier Officer Quarters
Grenadier Squad
Selects Raid Package
Selects StuG Assault Group
DragonLTU
Decoy
111111
Bu
Negi
一花排卵变出杂鱼酱
0
0

Comments sign in to comment!

No comments posted yet!